AoeStats
← marius.zwei91

Golden Pit

508947215Analyzed
1v1 RM · 8d ago on Sep 24, 2026· 41m 8s· 2 players
Game mode
Random Map
Map size
Tiny (2 player)
Population
200
Speed
Normal
Resources
Standard
Victory
Conquest
Starting age
Dark Age
Ending age
Imperial Age
RankedLock teamsTeams togetherTeam positionsShared explorationLock speedFull tech treeHidden civsTurbo modeCheats
Victory
Defeat
🇩🇪 Mongols · Germany
767
+16
🇺🇸 Armenians · United States
769
-16
marius.zwei91
6:59 Loom
11:08 Feudal Age
15:28 Castle Age
14:20 Double-Bit Axe
16:49 Man-at-Arms
21:32 Long Swordsman
31:28 Imperial Age
30:06 Fletching
30:27 Forging
30:36 Crossbowman
38:13 Scale Mail Armor
38:49 Iron Casting
37:40 Two-Handed Swordsman
38:53 Champion
41:57 Chain Mail Armor
Shannon
2:33 Loom
9:44 Feudal Age
15:30 Castle Age
14:18 Double-Bit Axe
15:17 Stone Mining
23:00 Wheelbarrow
22:11 Town Watch
23:21 Horse Collar
25:45 Gold Mining
27:11 Bow Saw
27:24 Squires
27:52 Pikeman
28:44 Padded Archer Armor
28:22 Elite Skirmisher
30:06 Hand Cart
30:41 Sanctity
30:32 Fervor
32:25 Gold Shaft Mining
31:28 Halberdier
33:17 Ballistics
33:41 Leather Archer Armor
Connection lost

Rejoining the realm…

Still unreachable

The connection could not be restored.

Session expired

The server has moved on; the page needs a fresh start.